 Dungeon Crawl Stone Soup version 0.28-a0-1555-g9ae15a6949 (webtiles) character file.

Game seed: 10058019805688250125

92 voltaire321 the Magician (level 4, -8/25 HPs)
             Began as a Deep Elf Earth Elementalist on Jan 19, 2022.
             Mangled by Crazy Yiuf (10 damage)
             ... on level 3 of the Dungeon.
             The game lasted 00:07:09 (3224 turns).

voltaire321 the Magician (DEEE)                     Turns: 3224, Time: 00:07:09

Health: -8/25      AC:  4    Str:  5    XL:     4   Next: 35%
Magic:  12/12      EV: 13    Int: 22    God:
Gold:   47         SH:  0    Dex: 15    Spells: 5/11 levels left

rFire   . . .      SeeInvis .   q - +7 whip of Incongruity {freeze, rC++}
rCold   + + .      Faith    .   (no shield)
rNeg    . . .      Spirit   .   k - +2 robe {Will+}
rPois   .          Reflect  .   (no helmet)
rElec   .          Harm     .   (no cloak)
rCorr   .          Rampage  .   (no gloves)
Will    +....                   (no boots)
Stlth   ++........              (no amulet)
HPRegen 0.08/turn               (no ring)
MPRegen 0.13/turn               (no ring)

@: no status effects
A: no striking features
a: no special abilities


You were on level 3 of the Dungeon.
You visited 1 branch of the dungeon, and saw 3 of its levels.

You collected 106 gold pieces.
You spent 59 gold pieces at shops.

Inventory:

Hand Weapons
 b - a +3 dagger
 h - a +1 dagger of holy wrath
 q - the +7 whip of Incongruity (weapon) {freeze, rC++}
   (You found it on level 3 of the Dungeon)

   It freezes those it strikes, dealing additional cold damage.
   It can also slow down cold-blooded creatures.
   rC:        It greatly protects you from cold.
Missiles
 a - 3 datura-tipped darts (quivered)
 c - 53 stones
 i - 2 poisoned darts
Armour
 k - a +2 robe of willpower (worn)
Wands
 e - a wand of polymorph (10)
Scrolls
 d - a scroll of enchant weapon {unknown}
 f - a scroll of torment {unknown}
 l - 2 scrolls of identify {unknown}
 m - a scroll of teleportation {unknown}
 o - a scroll of noise {unknown}
 p - a scroll of holy word {unknown}
Potions
 g - a potion of haste {unknown}
 j - a potion of attraction {unknown}
 n - a potion of curing {unknown}


   Skills:
 + Level 1.3 Fighting
 + Level 3.5 Dodging
 - Level 2.4 Stealth
 + Level 4.1 Spellcasting
 + Level 0.3 Conjurations
 - Level 1.1 Transmutations
 + Level 4.0 Earth Magic


You had 5 spell levels left.
You knew the following spells:

 Your Spells              Type           Power      Damage    Failure   Level
a - Sandblast             Erth           44%        2d11      2%          1
b - Passwall              Tmut/Erth      12%        N/A       6%          2
c - Stone Arrow           Conj/Erth      28%        3d8       14%         3

Your spell library contained the following spells:

 Spells                   Type           Power      Damage    Failure   Level
 Petrify                  Tmut/Erth      15%        N/A       36%         4


Dungeon Overview and Level Annotations

Branches:
Dungeon (3/15)

Altars:
Makhleb

Shops:
D:2 [

Annotations:
D:3 Crazy Yiuf


Message History

q - the +7 whip of Incongruity {freeze, rC++} The +7 whip of Incongruity {freeze, rC++} glows with a cold blue light!
q - the +7 whip of Incongruity (weapon)
{freeze, rC++}
There is a shaft here.
Found 31 arrows.
You see here 31 arrows.
Found a mace.
Found a runed translucent door.
You open the door.
Crazy Yiuf shouts!
There is an open translucent door here.
You barely miss Crazy Yiuf. Crazy Yiuf misses you.
You hit Crazy Yiuf. You freeze Crazy Yiuf.
Crazy Yiuf is lightly wounded.
Crazy Yiuf hits you with a +2 quarterstaff of chaos!
You are poisoned.
You hit Crazy Yiuf but do no damage.
Crazy Yiuf is lightly wounded.
You feel very sick. Crazy Yiuf closely misses you.
You hit Crazy Yiuf. You freeze Crazy Yiuf.
Crazy Yiuf is lightly wounded.
You feel very sick.
Crazy Yiuf says, "I'm not crazy!"
Crazy Yiuf hits you with a +2 quarterstaff of chaos.
You hit Crazy Yiuf but do no damage.
Crazy Yiuf is lightly wounded.
You feel sick. Crazy Yiuf barely misses you.
* * * LOW HITPOINT WARNING * * *
You feel sick.
You feel sick.
You feel sick.
You closely miss Crazy Yiuf.
Crazy Yiuf is lightly wounded.
You feel sick. Crazy Yiuf barely misses you.
You barely miss Crazy Yiuf.
Crazy Yiuf is lightly wounded.
You feel sick.
You are no longer poisoned.
Crazy Yiuf hits you with a +2 quarterstaff of chaos!
You die...

#.###.##.# #####
#(.......# #..)#
##.###.#### #...#
#...##.# #...#
#....#.# #'#
#...##.# ##.#
##.###.# #g## ###
#.# ##@# #.# #.##
#.# ##.## ###.#
#...## #...#
#....# #.###
#....# #.#
####..## #.#
#......#######.#
.###.##..........#


You could see Crazy Yiuf.

Vanquished Creatures
  Robin (D:2)
  An adder (D:2)
  3 worms
  3 dart slugs (D:1)
  4 endoplasms
  7 hobgoblins
  4 jackals (D:2)
  2 quokkas (D:2)
  5 ball pythons
  5 bats
  4 frilled lizards
  8 goblins
  4 kobolds
  3 rats
54 creatures vanquished.

Vanquished Creatures (collateral kills)
  2 goblins (D:2)
2 creatures vanquished.

Vanquished Creatures (others)
  2 goblins (D:2)
2 creatures vanquished.

Grand Total: 58 creatures vanquished

Notes
Turn   | Place    | Note
-------+----------+-------------------------------------------
     0 | D:1      | voltaire321 the Deep Elf Earth Elementalist began the quest
                  | for the Orb.
     0 | D:1      | Reached XP level 1. HP: 10/10 MP: 6/6
   314 | D:1      | Reached XP level 2. HP: 16/16 MP: 5/8
   766 | D:2      | Found Laolinno's Antique Armour Emporium.
   952 | D:2      | Reached XP level 3. HP: 9/20 MP: 5/10
  1210 | D:2      | Noticed Robin
  1524 | D:2      | Reached skill level 1 in Fighting
  1955 | D:2      | Killed Robin
  2055 | D:2      | Bought an embroidered robe for 59 gold pieces
  2344 | D:2      | Reached XP level 4. HP: 25/25 MP: 12/12
  2621 | D:3      | Learned a level 2 spell: Passwall
  2625 | D:3      | Learned a level 3 spell: Stone Arrow
  3104 | D:3      | Found a burning altar of Makhleb.
  3109 | D:3      | Identified the +7 whip of Incongruity {freeze, rC++}
  3209 | D:3      | Found a runed translucent door.
  3210 | D:3      | Noticed Crazy Yiuf
  3224 | D:3      | Mangled by Crazy Yiuf

Illustrated notes

Levels and vault maps discovered:
D:1:      dpeg_arrival_rhombus, layout_rooms, minmay_pentomino_z2
D:2:      layout_loops_corners, serial_shops, nicolae_shop_window_shopping,
          uniq_robin
D:3:      layout_loops_corners, bloody_makhleb, uniq_crazy_yiuf_cottage

Skill      XL: |  1  2  3  4 |
---------------+-------------+-----
Dodging        | 3 |  3.5
Fighting       | 1 |  1.3
Spellcasting   | 4 |  4.1
Earth Magic    | 4 |  4.0
Stealth        | |  2.4
Conjurations   | |  0.3
Transmutations | |  1.1

Action                   |  1- 3 |  4- 6 || total
-------------------------+-------+-------++-------
Melee: Dagger            |    46 |    38 ||    84
       Punch             |     1 |     1 ||     2
       Whip              |       |     7 ||     7
Throw: Dart              |     2 |       ||     2
 Cast: Sandblast         |    52 |     5 ||    57
 Stab: Sleeping          |     3 |     3 ||     6
Armor: Robe              |     7 |    13 ||    20
Dodge: Dodged            |    44 |    38 ||    82

Table legend: (Time is in decaauts)
 A = Elapsed time spent in this place.
 B = Non-inter-level travel time spent in this place.
 C = Inter-level travel time spent in this place.
 D = Time resting spent in this place.
 E = Time spent auto-exploring this place.
 F = Levels seen in this place.
 G = Mean time per level.
                   A        B        C        D        E       F      G
               +--------+--------+--------+--------+--------+-----+--------+
         Total |   3222 |   3127 |     95 |    801 |   1768 |   3 | 1074.0 |
       Dungeon |   3222 |   3127 |     95 |    801 |   1768 |   3 | 1074.0 |
               +--------+--------+--------+--------+--------+-----+--------+

Top non-repeatable levels by time:
     D:2: 1846 daAuts
     D:1: 693 daAuts
     D:3: 682 daAuts
